 Dungeon Crawl Stone Soup version 0.19-a0-503-g45a6586 (webtiles) character file.

662 Kidiri the Magician (level 7, -4/38 HPs)
             Began as a Deep Elf Fire Elementalist on June 5, 2016.
             Slain by Prince Ribbit (19 damage)
             ... on level 4 of the Dungeon.
             The game lasted 00:12:00 (4706 turns).

Kidiri the Magician (Deep Elf Fire Elementalist)    Turns: 4706, Time: 00:12:02

Health: -4/38      AC:  3    Str:  5    XL:     7   Next: 30%
Magic:  22/27      EV: 13    Int: 22    God:
Gold:   174        SH:  0    Dex: 15    Spells: 6 memorised, 0 levels left

rFire  + . .     SeeInvis .     n - +3 dagger
rCold  . . .     Gourm    .     p - +0 robe {MR+}
rNeg   . . .     Faith    .     (no shield)
rPois  .         Spirit   .     f - +0 helmet
rElec  .         Dismiss  .     (no cloak)
rCorr  .         Reflect  .     (no gloves)
SustAt .         Harm     .     (no boots)
MR     +....                    e - amulet of magic regeneration
Stlth  ++........               r - ring of protection from fire
                                x - ring of magical power

@: somewhat resistant to hostile enchantments, unstealthy
A: no striking features
a: no special abilities


You were on level 4 of the Dungeon.
You were not hungry.

You visited 1 branch of the dungeon, and saw 5 of its levels.

You collected 174 gold pieces.

Inventory:

Hand Weapons
 n - a +3 dagger (weapon)
Armour
 f - a +0 helmet (worn)
 p - a +0 robe of magic resistance (worn)
Jewellery
 e - an amulet of magic regeneration (around neck)
 o - an uncursed ring of protection from magic
 r - a ring of protection from fire (right hand)
 x - a ring of magical power (left hand)
 y - an uncursed ring of flight
Scrolls
 d - a scroll of teleportation
 q - 2 scrolls of remove curse
 A - a scroll of magic mapping
Potions
 a - a potion of heal wounds
 g - a potion of haste
 h - 3 potions of curing
 i - a potion of ambrosia
 t - a potion of magic {unknown}
 u - 3 potions of lignification {unknown}
 v - 2 potions of flight {unknown}
 w - a potion of agility {unknown}
 z - a potion of berserk rage {unknown}
Books
 b - a book of Flames

   Spells                             Type                      Level
   a - Flame Tongue                   Conjuration/Fire             1
   b - Throw Flame                    Conjuration/Fire             2
   c - Conjure Flame                  Conjuration/Fire             3
   d - Inner Flame                    Hexes/Fire                   3
   e - Sticky Flame                   Conjuration/Fire             4
   f - Fireball                       Conjuration/Fire             5
Comestibles
 c - 5 bread rations
 j - 10 chunks of flesh
 k - 2 meat rations
 m - a beef jerky


   Skills:
 + Level 1.1 Fighting
 + Level 1.9 Short Blades
 + Level 0.8 Armour
 + Level 3.0 Dodging
 - Level 2.4 Stealth
 * Level 6.2 Spellcasting
 * Level 4.8 Conjurations
 * Level 5.2 Fire Magic


You couldn't memorise any spells.
You knew the following spells:

 Your Spells              Type           Power        Failure   Level  Hunger
a - Flame Tongue          Conj/Fire      ####.        1%          1    None
b - Throw Flame           Conj/Fire      ####..       1%          2    None
c - Conjure Flame         Conj/Fire      ####....     3%          3    #......
d - Inner Flame           Hex/Fire       ###.....     12%         3    #......
e - Sticky Flame          Conj/Fire      ####....     12%         4    ###....
f - Fireball              Conj/Fire      ####......   34%         5    #####..


Dungeon Overview and Level Annotations

Branches:
Dungeon (5/15)
 Temple: D:4-7

Altars:
Dithmenos
Fedhas
Okawaru

Annotations:
D:4 Prince Ribbit


Message History

Press: ? - help, Shift-Dir - straight line, f/p - Prince Ribbit
Aim: Prince Ribbit (moderately wounded, covered in liquid flames)
The flame tongue hits Prince Ribbit.
Prince Ribbit is heavily wounded.
Prince Ribbit burns!
Prince Ribbit completely misses you.
Prince Ribbit burns!
Items here: ))) [[ a chain mail; a falchion; a robe; a dagger x2
Casting: Flame Tongue
Confirm with . or Enter, or press ? or * to list all spells.
Aiming: Flame Tongue
Press: ? - help, Shift-Dir - straight line, f/p - Prince Ribbit
Aim: Prince Ribbit (severely wounded, covered in liquid flames)
The flame tongue hits Prince Ribbit.
Prince Ribbit is almost dead.
Prince Ribbit burns!
Prince Ribbit mumbles some strange words.
Prince Ribbit looks slightly unstable.
Prince Ribbit hits you!!
Ouch! That really hurt!
You die...

#.# ##.####.# ##. #.#
#..#....# #.. #.# ##....####
#.# #.# #..(### ######.# #.#
#..## #......# #.# #..#
###.####.. #.# #.##
#...###..# #.###.#
###.###...##
##)F@..###...##..###
#.)###.##<.###..##
#..###.##.####.##
#####..........#
#############.#.#.######
#.......#.........#
#.......#........####
#...................#########
#.......#........##......!...


You could see Prince Ribbit (burning).

Vanquished Creatures
  Sigmund (D:4)
  2 howler monkeys (D:4)
  An orc wizard (D:4)
  2 orc priests (D:4)
  2 hounds (D:4)
  Ijyb (D:4)
  A centaur skeleton (D:4)
  Jessica (D:2)
  A worker ant (D:4)
  7 adders
  An adder skeleton (D:4)
  5 worms
  2 dart slugs
  3 giant geckos
  9 orcs
  A ball python (D:2)
  7 giant cockroaches
  16 goblins
  7 hobgoblins
  3 jackals (D:1)
  3 quokkas
  5 bats
  6 giant newts
  8 kobolds
  2 quokka skeletons
  5 rats
102 creatures vanquished.

Notes
Turn   | Place    | Note
--------------------------------------------------------------
     0 | D:1      | Kidiri the Deep Elf Fire Elementalist began the quest for the Orb.
     0 | D:1      | Reached XP level 1. HP: 10/10 MP: 6/6
   280 | D:1      | Reached XP level 2. HP: 15/15 MP: 6/8
   285 | D:1      | Learned a level 2 spell: Throw Flame
  1146 | D:2      | Reached XP level 3. HP: 19/19 MP: 6/10
  1151 | D:2      | Learned a level 3 spell: Conjure Flame
  1155 | D:2      | Learned a level 3 spell: Inner Flame
  1185 | D:2      | Reached skill level 4 in Spellcasting
  1625 | D:2      | Noticed Jessica
  1655 | D:2      | Killed Jessica
  1655 | D:2      | Reached XP level 4. HP: 24/24 MP: 9/12
  2058 | D:2      | Found an iron altar of Okawaru.
  2380 | D:3      | Found a blossoming altar of Fedhas.
  2751 | D:3      | Reached XP level 5. HP: 26/28 MP: 14/14
  2757 | D:3      | Learned a level 4 spell: Sticky Flame
  2814 | D:3      | Reached skill level 5 in Spellcasting
  3187 | D:4      | Noticed Sigmund
  3391 | D:4      | Reached XP level 6. HP: 32/32 MP: 16/16
  3802 | D:4      | Reached skill level 1 in Short Blades
  3806 | D:4      | Noticed Ijyb
  3820 | D:4      | Killed Ijyb
  3952 | D:4      | Reached skill level 6 in Spellcasting
  4013 | D:4      | Found a shadowy altar of Dithmenos.
  4090 | D:4      | Killed Sigmund
  4090 | D:4      | Reached skill level 1 in Fighting
  4090 | D:4      | Reached skill level 5 in Fire Magic
  4090 | D:4      | Reached XP level 7. HP: 37/38 MP: 18/18
  4160 | D:4      | Learned a level 5 spell: Fireball
  4161 | D:5      | Entered Level 5 of the Dungeon
  4161 | D:5      | Noticed Prince Ribbit
  4706 | D:4      | Slain by Prince Ribbit

Vault maps used:
D:1:      nicolae_arrival_washed_ashore, st_stairs_4, minmay_misc_feat_five
D:2:      kennysheep_okawaru_gauntlet, uniq_jessica
D:3:      fedhas_altar_2
D:4:      kennysheep_the_goblin_king, nicolae_overflow_hidden_temple,
          first_bread, uniq_sigmund
D:5:      nicolae_tso_swordbearing_angel, uniq_prince_ribbit1

Skill      XL: |  1  2  3  4  5  6  7 |
---------------+----------------------+-----
Conjurations   | 2 3 4 |  4.8
Spellcasting   | 4 5 6 |  6.2
Fire Magic     | 4 5 |  5.2
Short Blades   | 1 |  1.9
Fighting       | 1 |  1.1
Dodging        | 3 |  3.0
Armour         | |  0.8
Stealth        | |  2.4

Action                   |  1- 3 |  4- 6 |  7- 9 || total
-------------------------+-------+-------+-------++-------
Melee: Club              |     6 |       |       ||     6
       Dagger            |    12 |     9 |       ||    21
 Cast: Flame Tongue      |    29 |    90 |    16 ||   135
       Throw Flame       |    18 |    39 |     2 ||    59
       Sticky Flame      |       |     4 |     4 ||     8
  Use: Scroll            |       |    14 |       ||    14
 Stab: Sleeping          |     1 |     2 |       ||     3
  Eat: Chunk             |     3 |     8 |     2 ||    13
Armor: Robe              |     8 |     5 |     1 ||    14
Dodge: Dodged            |    21 |    26 |    11 ||    58
